Red Wings vs Jets
(R1)
Created - October 30, 2019 at 20:17
Goals
|
Red Wings |
1 |
1 |
1 |
0 |
0 |
3 |
Jets |
0 |
2 |
1 |
0 |
1 |
4 |
|
Shots
|
Red Wings |
9 |
8 |
4 |
1 |
3 |
22 |
Jets |
3 |
15 |
10 |
0 |
2 |
28 |
|
1st period
1. Red Wings , Adam Henrique 3 (Jiri Fischer 2, Ryan Johansen 1) at 12:46 (PP)
Penalties :
Evgeny Dadonov (Win) for Cross-checking (Minor) at 4:47, Tyler Myers (Win) for Tripping (Minor) at 12:34, Marcus Johansson (Win) for Hooking (Minor) at 15:03
2nd period
2. Jets , Marcus Johansson 2 (Tyler Johnson 1, Evgeny Dadonov 3) at 0:32
3. Jets , Derek Stepan 2 (Marco Scandella 2, Jeremy Morin 1) at 6:03
4. Red Wings , Alex Picard 1 (Tomas Kopecky 1, David Krejci 1) at 14:04
Penalties :
Philip Samuelsson (Det) for Holding Stick (Minor) at 15:05
3rd period
5. Jets , Erik Haula 1 (Derek Stepan 4) at 14:00
6. Red Wings , Ryan Johansen 1 (Philip Samuelsson 1) at 17:48
Penalties :
Alex Picard (Det) for Hooking (Minor) at 5:08, Alex Picard (Det) for Elbowing (Minor) at 10:48, Marcus Johansson (Win) for Holding Stick (Minor) at 14:11
Overtime #1
No Goal
Penalties :
No Penalty
Shootout
Red Wings, Ryan Johansen - Shot Misses the Net
Jets, Boone Jenner - Goal!
Red Wings, Carson Mcmillan - Stopped by Jonathan Bernier
Jets, Tyler Johnson - Stopped by Josh Harding
Red Wings, Maxim Lapierre - Shot Hit the Post
Penalties :
No Penalty
Goalie Stats
Josh Harding (Det), 25 saves from 28 shots - (0.893), OTL, 0-0-1, 65:00 minutes
Jonathan Bernier (Win), 19 saves from 22 shots - (0.864), W, 1-2-0, 65:00 minutes
Players Stats for Red Wings
Player Name G A P +/- PIM S H SB GA TA FO MP PP MP PK MP
------------------------------------------------------------------------------------
Adam Henrique 1 0 1 0 0 2 2 0 1 2 1/2 20:56 3:24 0:13
Alex Picard 1 0 1 1 4 4 1 0 0 0 0/0 12:11 0:00 0:16
Anton Volchenkov 0 0 0 -1 0 0 0 1 0 0 0/0 18:19 0:00 3:04
Carson Mcmillan 0 0 0 0 0 0 0 1 0 0 0/0 10:29 0:00 2:43
Connor Brown 0 0 0 0 0 0 0 0 0 0 0/0 19:42 2:45 0:00
David Krejci 0 1 1 1 0 0 0 0 3 0 4/5 11:41 0:05 0:00
Jiri Fischer 0 1 1 -1 0 0 0 1 1 1 0/0 19:58 3:04 2:19
Karl Alzner 0 0 0 -1 0 1 2 0 0 0 0/0 22:52 2:52 0:26
Maxim Lapierre 0 0 0 0 0 1 1 1 0 0 0/2 10:42 0:00 2:48
Michael Haley 0 0 0 0 0 0 1 0 0 0 2/3 13:35 3:19 2:50
Nick Bjugstad 0 0 0 -2 0 1 1 0 0 0 7/16 18:21 2:45 0:00
Ole-Kristian Tollefsen 0 0 0 -1 0 1 3 0 0 0 0/0 23:18 3:05 1:17
Philip Samuelsson 0 1 1 1 2 2 1 0 1 3 0/0 23:59 3:05 2:05
Reilly Smith 0 0 0 -2 0 4 1 0 1 0 0/0 16:01 0:00 0:00
Ryan Johansen 1 1 2 0 0 2 5 0 2 1 6/20 21:14 3:24 0:01
Ryan O'Byrne 0 0 0 1 0 1 2 1 0 1 0/0 21:37 0:12 2:43
Sean Bergenheim 0 0 0 -2 0 2 2 1 2 0 0/3 20:01 2:45 3:03
Tomas Kopecky 0 1 1 1 0 1 0 0 0 0 0/0 9:04 0:00 0:00
Players Stats for Jets
Player Name G A P +/- PIM S H SB GA TA FO MP PP MP PK MP
------------------------------------------------------------------------------------
Boone Jenner 0 0 0 0 0 1 1 1 1 0 0/1 10:30 0:00 0:33
Derek Roy 0 0 0 0 0 3 1 0 0 0 7/8 15:54 2:52 0:00
Derek Stepan 1 1 2 1 0 3 2 1 1 1 13/22 22:06 3:05 3:26
Eric Gelinas 0 0 0 0 0 3 0 0 2 2 0/0 21:47 3:39 2:35
Erik Haula 1 0 1 1 0 2 0 0 1 1 0/0 18:34 0:00 3:30
Evgeny Dadonov 0 1 1 0 2 4 2 0 0 0 1/3 18:52 2:52 0:00
Jaccob Slavin 0 0 0 -1 0 0 1 0 0 0 0/0 13:30 0:00 0:00
Jacob Trouba 0 0 0 0 0 0 1 1 0 0 0/0 21:39 0:00 3:34
Jeremy Morin 0 1 1 1 0 0 3 0 0 1 2/2 12:59 0:02 0:00
Jonathan Huberdeau 0 0 0 0 0 1 0 0 0 0 0/0 10:40 0:00 0:44
Marco Scandella 0 1 1 2 0 0 3 1 1 1 0/0 26:59 2:18 2:47
Marcus Johansson 1 0 1 0 4 2 1 0 0 0 0/2 20:09 2:52 0:18
Nino Niederreiter 0 0 0 0 0 2 2 0 1 0 0/0 14:58 3:03 1:29
Oscar Klefbom 0 0 0 -1 0 1 0 0 1 0 0/0 16:21 3:39 0:00
Pavel Buchnevich 0 0 0 0 0 2 1 0 0 0 0/0 8:19 0:00 0:00
Ronalds Kenins 0 0 0 0 0 0 4 0 0 0 0/0 8:19 0:00 0:00
Tyler Johnson 0 1 1 0 0 2 1 0 0 0 8/13 22:28 3:05 2:18
Tyler Myers 0 0 0 2 2 2 3 0 0 5 0/0 29:43 2:18 3:22
3 Stars
1 - Derek Stepan (Win)
2 - Ryan Johansen (Det)
3 - Marco Scandella (Win)
Power Play
Red Wings - 1 on 4 Attempt(s) - 25.00%
Jets - 0 on 3 Attempt(s) - 0.00%
Penalty Kill
Red Wings - 3 on 3 Attempt(s) - 100.00%
- Score 0 goal in Penalty Kill
Jets - 3 on 4 Attempt(s) - 75.00%
- Score 0 goal in Penalty Kill
Team Stat
Red Wings - Hits : 22 - Faceoff Wins : 20 - Blocked Shots : 6 - Penalty Minutes : 6
Jets - Hits : 26 - Faceoff Wins : 31 - Blocked Shots : 4 - Penalty Minutes : 8
Official
Referees : Unknown
Linesman : Unknown
Game Notes
No Game Note
Finance
Level 1 -- Attendance: 5689 (94.82%) -- Ticket Income $580,278
Level 2 -- Attendance: 3566 (71.32%) -- Ticket Income $260,318
Level 3 -- Attendance: 1569 (78.45%) -- Ticket Income $70,605
Level 4 -- Attendance: 3628 (90.70%) -- Ticket Income $90,700
Luxury Box -- Attendance: 1000 (100.00%) -- Ticket Income $180,000
Game was played at the MTS Center.
Total Attendance: 15452 (85.84%)
Total Ticket Income: $1,181,901
Other Income: $177,285
Total Income: $1,359,186
Red Wings
5 vs 5 Forward
Center Left Wing Right Wing Time % Phy DF OF
1 Ryan Johansen Adam Henrique Connor Brown 38 0 2 3
2 Nick Bjugstad Sean Bergenheim Reilly Smith 37 0 2 3
3 David Krejci Alex Picard Tomas Kopecky 15 0 3 2
4 Maxim Lapierre Michael Haley Carson Mcmillan 10 1 2 2
5 vs 5 Defense
Defense Defense Time % Phy DF OF
1 Ryan O'Byrne Philip Samuelsson 35 0 3 2
2 Ole-Kristian Tollefsen Karl Alzner 35 0 3 2
3 Jiri Fischer Anton Volchenkov 20 0 3 2
4 Jiri Fischer Anton Volchenkov 10 0 3 2
PowerPlay Forward
Center Left Wing Right Wing Time % Phy DF OF
1 Ryan Johansen Adam Henrique Michael Haley 55 0 1 4
2 Nick Bjugstad Sean Bergenheim Connor Brown 45 0 1 4
PowerPlay Defense
Defense Defense Time % Phy DF OF
1 Philip Samuelsson Ole-Kristian Tollefsen 60 0 2 3
2 Jiri Fischer Karl Alzner 40 0 2 3
Penalty Kill 4 Players Forward
Center Wing Time % Phy DF OF
1 Michael Haley Carson Mcmillan 50 1 2 2
2 Sean Bergenheim Maxim Lapierre 50 1 2 2
Penalty Kill 4 Players Defense
Defense Defense Time % Phy DF OF
1 Ryan O'Byrne Jiri Fischer 50 1 2 2
2 Philip Samuelsson Anton Volchenkov 50 1 2 2
Penalty Kill - 3 Players Forward
Forward Time % Phy DF OF
1 Carson Mcmillan 60 1 2 2
2 Michael Haley 40 1 2 2
Penalty Kill - 3 Players Defense
Defense Defense Time % Phy DF OF
1 Ryan O'Byrne Jiri Fischer 50 1 2 2
2 Philip Samuelsson Anton Volchenkov 50 1 2 2
4 vs 4 Forward
Center Wing Time % Phy DF OF
1 Ryan Johansen Adam Henrique 60 1 2 2
2 Nick Bjugstad Reilly Smith 40 1 2 2
4 vs 4 Defense
Defense Defense Time % Phy DF OF
1 Ryan O'Byrne Karl Alzner 60 1 2 2
2 Ole-Kristian Tollefsen Philip Samuelsson 40 1 2 2
Last Minutes Offensive
Center Left Wing Right Wing Defense Defense
Ryan Johansen Adam Henrique Sean Bergenheim Ole-Kristian Tollefsen Philip Samuelsson
Last Minutes Defensive
Center Left Wing Right Wing Defense Defense
Sean Bergenheim Michael Haley Carson Mcmillan Anton Volchenkov Ryan O'Byrne
Goaltenders
Starting : Josh Harding
Backup : James Reimer
Extra Forwards
Normal : Ryan Johansen, Connor Brown, David Krejci - PP : David Krejci, Alex Picard - PK : Alex Picard
Extra Defensemen
Normal : Philip Samuelsson, Ole-Kristian Tollefsen, Karl Alzner - PP : Ryan O'Byrne - PK : Ole-Kristian Tollefsen, Karl Alzner
Penalty Shots
Ryan Johansen, Carson Mcmillan, Maxim Lapierre, Nick Bjugstad, Sean Bergenheim
Scratches
Andrew Alberts (Healthy), Chris Kelly (Healthy), Petr Pohl (Healthy)
Jets
5 vs 5 Forward
Center Left Wing Right Wing Time % Phy DF OF
1 Tyler Johnson Marcus Johansson Evgeny Dadonov 38 0 2 3
2 Derek Stepan Erik Haula Jeremy Morin 28 0 2 3
3 Derek Roy Jonathan Huberdeau Nino Niederreiter 24 0 2 3
4 Boone Jenner Ronalds Kenins Pavel Buchnevich 10 1 2 2
5 vs 5 Defense
Defense Defense Time % Phy DF OF
1 Marco Scandella Tyler Myers 37 1 2 2
2 Jacob Trouba Eric Gelinas 30 1 2 2
3 Oscar Klefbom Jaccob Slavin 23 0 2 3
4 Tyler Myers Jacob Trouba 10 1 3 1
PowerPlay Forward
Center Left Wing Right Wing Time % Phy DF OF
1 Derek Stepan Tyler Johnson Nino Niederreiter 60 0 0 5
2 Derek Roy Marcus Johansson Evgeny Dadonov 40 0 0 5
PowerPlay Defense
Defense Defense Time % Phy DF OF
1 Eric Gelinas Oscar Klefbom 60 0 1 4
2 Marco Scandella Tyler Myers 40 0 1 4
Penalty Kill 4 Players Forward
Center Wing Time % Phy DF OF
1 Derek Stepan Erik Haula 60 1 2 2
2 Tyler Johnson Nino Niederreiter 40 1 2 2
Penalty Kill 4 Players Defense
Defense Defense Time % Phy DF OF
1 Jacob Trouba Tyler Myers 60 1 3 1
2 Marco Scandella Eric Gelinas 40 1 3 1
Penalty Kill - 3 Players Forward
Forward Time % Phy DF OF
1 Tyler Johnson 60 0 4 1
2 Derek Stepan 40 0 4 1
Penalty Kill - 3 Players Defense
Defense Defense Time % Phy DF OF
1 Marco Scandella Eric Gelinas 60 0 5 0
2 Tyler Myers Jacob Trouba 40 0 5 0
4 vs 4 Forward
Center Wing Time % Phy DF OF
1 Derek Stepan Derek Roy 60 1 2 2
2 Tyler Johnson Nino Niederreiter 40 1 2 2
4 vs 4 Defense
Defense Defense Time % Phy DF OF
1 Eric Gelinas Tyler Myers 60 1 2 2
2 Marco Scandella Jacob Trouba 40 1 2 2
Last Minutes Offensive
Center Left Wing Right Wing Defense Defense
Tyler Johnson Derek Roy Derek Stepan Marco Scandella Tyler Myers
Last Minutes Defensive
Center Left Wing Right Wing Defense Defense
Tyler Johnson Erik Haula Nino Niederreiter Marco Scandella Eric Gelinas
Goaltenders
Starting : Jonathan Bernier
Backup : Kari Lehtonen
Extra Forwards
Normal : Tyler Johnson, Derek Stepan, Derek Roy - PP : Tyler Johnson, Derek Stepan - PK : Tyler Johnson
Extra Defensemen
Normal : Eric Gelinas, Marco Scandella, Tyler Myers - PP : Eric Gelinas - PK : Tyler Myers, Marco Scandella
Penalty Shots
Boone Jenner, Tyler Johnson, Jeremy Morin, Evgeny Dadonov, Erik Haula
Scratches
Jared Spurgeon (Healthy)
% Time on Ice - Red Wings
Lines # - Real PCT - Wanted PCT - Time Play
Normal Forward
1 - 34% - 38% - 16:21
2 - 31% - 37% - 15:03
3 - 19% - 15% - 9:04
4 - 16% - 10% - 7:26
Normal Defense
1 - 35% - 35% - 16:37
2 - 39% - 35% - 18:28
3 - 18% - 20% - 8:49
4 - 8% - 10% - 4:00
PP Forward
1 - 55% - 55% - 3:24
2 - 45% - 45% - 2:45
PP Defense
1 - 50% - 60% - 3:05
2 - 50% - 40% - 3:04
PK Forward
1 - 49% - 50% - 2:54
2 - 51% - 50% - 3:03
PK Defense
1 - 46% - 50% - 2:43
2 - 54% - 50% - 3:14
PK3 Forward
1 - 0% - 60%
2 - 0% - 40%
PK3 Defense
1 - 0% - 50%
2 - 0% - 50%
44 Forward
1 - 79% - 60% - 3:56
2 - 21% - 40% - 1:04
44 Defense
1 - 59% - 60% - 2:56
2 - 41% - 40% - 2:04
Last Minute Offensive - 0:00
Last Minute Defensive - 0:00
Total
Forward - 65:00
Defense - 65:00
|
% Time on Ice - Jets
Lines # - Real PCT - Wanted PCT - Time Play
Normal Forward
1 - 34% - 38% - 16:29
2 - 27% - 28% - 13:10
3 - 21% - 24% - 9:56
4 - 17% - 10% - 8:19
Normal Defense
1 - 37% - 37% - 17:39
2 - 31% - 30% - 14:41
3 - 25% - 23% - 11:54
4 - 8% - 10% - 3:40
PP Forward
1 - 52% - 60% - 3:05
2 - 48% - 40% - 2:52
PP Defense
1 - 61% - 60% - 3:39
2 - 39% - 40% - 2:18
PK Forward
1 - 76% - 60% - 4:40
2 - 24% - 40% - 1:29
PK Defense
1 - 58% - 60% - 3:34
2 - 42% - 40% - 2:35
PK3 Forward
1 - 0% - 60%
2 - 0% - 40%
PK3 Defense
1 - 0% - 60%
2 - 0% - 40%
44 Forward
1 - 91% - 60% - 4:32
2 - 9% - 40% - 0:28
44 Defense
1 - 60% - 60% - 3:00
2 - 40% - 40% - 2:00
Last Minute Offensive - 0:00
Last Minute Defensive - 0:00
Total
Forward - 65:00
Defense - 65:00
|
Play-by-Play
1st period
0:01 of 1st period - Ryan Johansen wins face-off versus Evgeny Dadonov in neutral zone.
0:12 of 1st period - Tyler Johnson is hit by Ryan Johansen and loses puck.
0:29 of 1st period - Reilly Smith is hit by Jeremy Morin.
0:37 of 1st period - Wrist shot by Erik Haula.
0:37 of 1st period - Stopped by Josh Harding with a rebound.
0:47 of 1st period - Ryan O'Byrne is hit by Derek Stepan and loses puck.
1:20 of 1st period - Slapshot by Reilly Smith.
1:20 of 1st period - Stopped by Jonathan Bernier with a rebound.
1:22 of 1st period - Snap shot by Philip Samuelsson.
1:22 of 1st period - Stopped by Jonathan Bernier with a rebound.
1:24 of 1st period - Slapshot by Ryan O'Byrne.
1:24 of 1st period - Stopped by Jonathan Bernier without a rebound.
1:25 of 1st period - David Krejci wins face-off versus Derek Roy in Jets zone.
2:11 of 1st period - Michael Haley is hit by Pavel Buchnevich and loses puck.
2:58 of 1st period - Evgeny Dadonov is hit by Adam Henrique and loses puck.
3:33 of 1st period - Snap shot by Nick Bjugstad.
3:33 of 1st period - Shot Misses the Net.
3:42 of 1st period - Icing by Ryan O'Byrne.
3:43 of 1st period - David Krejci wins face-off versus Tyler Johnson in Red Wings zone.
4:05 of 1st period - Icing by Tyler Myers.
4:06 of 1st period - Derek Roy wins face-off versus Ryan Johansen in Jets zone.
4:47 of 1st period - Minor Penalty to Evgeny Dadonov for Cross-checking.
4:48 of 1st period - Derek Stepan wins face-off versus Ryan Johansen in Jets zone.
4:57 of 1st period - Snap shot by Ryan Johansen.
4:57 of 1st period - Stopped by Jonathan Bernier with a rebound.
4:59 of 1st period - Slapshot by Philip Samuelsson.
4:59 of 1st period - Stopped by Jonathan Bernier with a rebound.
5:01 of 1st period - Slapshot by Ole-Kristian Tollefsen.
5:01 of 1st period - Stopped by Jonathan Bernier without a rebound.
5:02 of 1st period - Ryan Johansen wins face-off versus Derek Stepan in Jets zone.
5:27 of 1st period - Philip Samuelsson is hit by Nino Niederreiter.
6:21 of 1st period - Tyler Myers is hit by Sean Bergenheim and loses puck.
6:47 of 1st period - Penalty to Evgeny Dadonov is over, Evgeny Dadonov is back on ice.
6:48 of 1st period - Sean Bergenheim is hit by Marco Scandella and loses puck.
8:32 of 1st period - Michael Haley is hit by Jacob Trouba and loses puck.
9:16 of 1st period - Erik Haula is hit by Ole-Kristian Tollefsen.
9:37 of 1st period - Snap shot by Evgeny Dadonov.
9:37 of 1st period - Shot Misses the Net.
9:39 of 1st period - Snap shot by Tyler Johnson.
9:39 of 1st period - Shot Blocked by Ryan O'Byrne.
9:53 of 1st period - Wrist shot by Reilly Smith.
9:53 of 1st period - Shot Misses the Net.
9:59 of 1st period - Philip Samuelsson is hit by Derek Roy and loses puck.
10:06 of 1st period - Wrist shot by Nino Niederreiter.
10:06 of 1st period - Shot Hit the Post.
10:42 of 1st period - Wrist shot by David Krejci.
10:42 of 1st period - Shot Blocked by Boone Jenner.
10:54 of 1st period - Carson Mcmillan is hit by Jaccob Slavin and loses puck.
10:59 of 1st period - Wrist shot by Evgeny Dadonov.
10:59 of 1st period - Stopped by Josh Harding with a rebound.
11:13 of 1st period - Derek Roy is hit by Karl Alzner.
11:51 of 1st period - Eric Gelinas is hit by Michael Haley and loses puck.
12:34 of 1st period - Minor Penalty to Tyler Myers for Tripping.
12:35 of 1st period - Adam Henrique wins face-off versus Derek Stepan in Jets zone.
12:40 of 1st period - Wrist shot by Ryan Johansen.
12:40 of 1st period - Shot Blocked by Derek Stepan.
12:44 of 1st period - Backhand shot by Adam Henrique.
12:44 of 1st period - Stopped by Jonathan Bernier with a rebound.
12:46 of 1st period - Slapshot by Jiri Fischer.
12:46 of 1st period - Deflect By Adam Henrique.
12:46 of 1st period - Goal by Adam Henrique - Red Wings : 1 - Jets : 0.
12:47 of 1st period - Jeremy Morin wins face-off versus Ryan Johansen in neutral zone.
13:35 of 1st period - Slapshot by Adam Henrique.
13:35 of 1st period - Deflect By Nino Niederreiter.
13:35 of 1st period - Shot Misses the Net.
13:35 of 1st period - Puck is out of play.
13:36 of 1st period - Nick Bjugstad wins face-off versus Tyler Johnson in Jets zone.
13:38 of 1st period - Icing by Tyler Myers.
13:39 of 1st period - Tyler Johnson wins face-off versus Nick Bjugstad in Jets zone.
14:39 of 1st period - Snap shot by Jeremy Morin.
14:39 of 1st period - Shot Misses the Net.
15:01 of 1st period - Wrist shot by Sean Bergenheim.
15:01 of 1st period - Shot Misses the Net.
15:03 of 1st period - Minor Penalty to Marcus Johansson for Hooking.
15:04 of 1st period - Derek Stepan wins face-off versus Ryan Johansen in Jets zone.
15:50 of 1st period - Icing by Karl Alzner.
15:51 of 1st period - Derek Stepan wins face-off versus Nick Bjugstad in Red Wings zone.
17:03 of 1st period - Penalty to Marcus Johansson is over, Marcus Johansson is back on ice.
17:20 of 1st period - Snap shot by Marcus Johansson.
17:20 of 1st period - Shot Misses the Net.
17:56 of 1st period - Adam Henrique is hit by Marco Scandella and loses puck.
18:27 of 1st period - Wrist shot by Tyler Johnson.
18:27 of 1st period - Stopped by Josh Harding without a rebound.
18:28 of 1st period - David Krejci wins face-off versus Tyler Johnson in Red Wings zone.
19:58 of 1st period - Snap shot by Sean Bergenheim.
19:58 of 1st period - Stopped by Jonathan Bernier with a rebound.
Goals for this period are 1 for Red Wings vs 0 for Jets.
Shots for this period are 9 for Red Wings vs 3 for Jets.
2nd period
0:01 of 2nd period - Ryan Johansen wins face-off versus Derek Stepan in neutral zone.
0:32 of 2nd period - Snap shot by Marcus Johansson.
0:32 of 2nd period - Goal by Marcus Johansson - Red Wings : 1 - Jets : 1.
0:33 of 2nd period - Derek Stepan wins face-off versus Nick Bjugstad in neutral zone.
0:44 of 2nd period - Snap shot by Sean Bergenheim.
0:44 of 2nd period - Shot Misses the Net.
0:46 of 2nd period - Snap shot by Sean Bergenheim.
0:46 of 2nd period - Stopped by Jonathan Bernier without a rebound.
0:47 of 2nd period - Tyler Johnson wins face-off versus Adam Henrique in Jets zone.
0:58 of 2nd period - Wrist shot by Adam Henrique.
0:58 of 2nd period - Shot Misses the Net.
1:00 of 2nd period - Snap shot by Connor Brown.
1:00 of 2nd period - Shot Blocked by Marco Scandella.
1:02 of 2nd period - Wrist shot by Adam Henrique.
1:02 of 2nd period - Shot Misses the Net.
1:04 of 2nd period - Slapshot by Karl Alzner.
1:04 of 2nd period - Stopped by Jonathan Bernier with a rebound.
2:22 of 2nd period - Snap shot by Alex Picard.
2:22 of 2nd period - Stopped by Jonathan Bernier without a rebound.
2:23 of 2nd period - Derek Stepan wins face-off versus Ryan Johansen in Jets zone.
2:23 of 2nd period - Derek Stepan is hit by Ryan Johansen.
2:29 of 2nd period - Ole-Kristian Tollefsen is hit by Derek Stepan and loses puck.
3:44 of 2nd period - Slapshot by Ryan Johansen.
3:44 of 2nd period - Deflect By Adam Henrique.
3:44 of 2nd period - Shot Misses the Net.
3:44 of 2nd period - Puck is out of play.
3:45 of 2nd period - Derek Stepan wins face-off versus Nick Bjugstad in Jets zone.
3:59 of 2nd period - Snap shot by Jeremy Morin.
3:59 of 2nd period - Shot Misses the Net.
4:22 of 2nd period - Maxim Lapierre is hit by Tyler Johnson and loses puck.
4:58 of 2nd period - Wrist shot by Derek Stepan.
4:58 of 2nd period - Stopped by Josh Harding with a rebound.
5:00 of 2nd period - Snap shot by Eric Gelinas.
5:00 of 2nd period - Stopped by Josh Harding with a rebound.
5:41 of 2nd period - Slapshot by Evgeny Dadonov.
5:41 of 2nd period - Stopped by Josh Harding without a rebound.
5:42 of 2nd period - Tyler Johnson wins face-off versus David Krejci in Red Wings zone.
5:55 of 2nd period - Snap shot by Alex Picard.
5:55 of 2nd period - Stopped by Jonathan Bernier without a rebound.
5:56 of 2nd period - Derek Stepan wins face-off versus Nick Bjugstad in Jets zone.
6:03 of 2nd period - Wrist shot by Marco Scandella.
6:03 of 2nd period - Deflect By Derek Stepan.
6:03 of 2nd period - Goal by Derek Stepan - Red Wings : 1 - Jets : 2.
6:04 of 2nd period - Nick Bjugstad wins face-off versus Derek Stepan in neutral zone.
6:08 of 2nd period - Icing by Tyler Myers.
6:09 of 2nd period - Derek Stepan wins face-off versus Nick Bjugstad in Jets zone.
6:45 of 2nd period - Anton Volchenkov is hit by Tyler Myers and loses puck.
7:00 of 2nd period - Snap shot by Derek Roy.
7:00 of 2nd period - Shot Blocked by Carson Mcmillan.
7:02 of 2nd period - Snap shot by Derek Roy.
7:02 of 2nd period - Stopped by Josh Harding with a rebound.
7:20 of 2nd period - Jaccob Slavin is hit by Alex Picard and loses puck.
8:02 of 2nd period - Snap shot by Tyler Johnson.
8:02 of 2nd period - Shot Misses the Net.
8:04 of 2nd period - Slapshot by Marcus Johansson.
8:04 of 2nd period - Shot Misses the Net.
8:06 of 2nd period - Snap shot by Tyler Johnson.
8:06 of 2nd period - Shot Misses the Net.
8:08 of 2nd period - Slapshot by Oscar Klefbom.
8:08 of 2nd period - Deflect By Connor Brown.
8:08 of 2nd period - Stopped by Josh Harding with a rebound.
8:18 of 2nd period - Nino Niederreiter is hit by Karl Alzner and loses puck.
9:00 of 2nd period - Tomas Kopecky is hit by Boone Jenner and loses puck.
9:19 of 2nd period - Tyler Johnson is hit by Ryan O'Byrne and loses puck.
9:40 of 2nd period - Carson Mcmillan is hit by Nino Niederreiter and loses puck.
10:01 of 2nd period - Backhand shot by Maxim Lapierre.
10:01 of 2nd period - Stopped by Jonathan Bernier without a rebound.
10:02 of 2nd period - Jeremy Morin wins face-off versus Nick Bjugstad in Jets zone.
10:27 of 2nd period - Ryan Johansen is hit by Marcus Johansson.
10:31 of 2nd period - Adam Henrique is hit by Evgeny Dadonov and loses puck.
11:17 of 2nd period - Snap shot by Nino Niederreiter.
11:17 of 2nd period - Stopped by Josh Harding without a rebound.
11:18 of 2nd period - Nick Bjugstad wins face-off versus Marcus Johansson in Red Wings zone.
11:18 of 2nd period - Nick Bjugstad is hit by Evgeny Dadonov.
11:43 of 2nd period - Ryan Johansen is hit by Jeremy Morin and loses puck.
12:54 of 2nd period - Jaccob Slavin is hit by Ryan Johansen and loses puck.
13:34 of 2nd period - Snap shot by Boone Jenner.
13:34 of 2nd period - Stopped by Josh Harding without a rebound.
13:35 of 2nd period - David Krejci wins face-off versus Tyler Johnson in Red Wings zone.
13:35 of 2nd period - David Krejci is hit by Tyler Myers.
13:48 of 2nd period - Wrist shot by Tomas Kopecky.
13:48 of 2nd period - Stopped by Jonathan Bernier with a rebound.
14:04 of 2nd period - Snap shot by Alex Picard.
14:04 of 2nd period - Goal by Alex Picard - Red Wings : 2 - Jets : 2.
14:05 of 2nd period - Tyler Johnson wins face-off versus Ryan Johansen in neutral zone.
14:20 of 2nd period - Snap shot by Marcus Johansson.
14:20 of 2nd period - Shot Misses the Net.
14:51 of 2nd period - Tyler Myers is hit by Philip Samuelsson and loses puck.
14:54 of 2nd period - Snap shot by Nino Niederreiter.
14:54 of 2nd period - Stopped by Josh Harding with a rebound.
14:56 of 2nd period - Slapshot by Tyler Myers.
14:56 of 2nd period - Deflect By Derek Roy.
14:56 of 2nd period - Stopped by Josh Harding with a rebound.
14:58 of 2nd period - Wrist shot by Derek Roy.
14:58 of 2nd period - Deflect By Jonathan Huberdeau.
14:58 of 2nd period - Stopped by Josh Harding with a rebound.
15:00 of 2nd period - Slapshot by Derek Roy.
15:00 of 2nd period - Stopped by Josh Harding with a rebound.
15:05 of 2nd period - Minor Penalty to Philip Samuelsson for Holding Stick.
15:06 of 2nd period - Michael Haley wins face-off versus Derek Stepan in Red Wings zone.
17:05 of 2nd period - Penalty to Philip Samuelsson is over, Philip Samuelsson is back on ice.
17:14 of 2nd period - Connor Brown is hit by Ronalds Kenins and loses puck.
17:27 of 2nd period - Jaccob Slavin is hit by Adam Henrique and loses puck.
17:42 of 2nd period - Reilly Smith is hit by Ronalds Kenins and loses puck.
17:49 of 2nd period - Ronalds Kenins is hit by Reilly Smith and loses puck.
18:00 of 2nd period - Jacob Trouba is hit by Ole-Kristian Tollefsen and loses puck.
18:07 of 2nd period - Wrist shot by Tomas Kopecky.
18:07 of 2nd period - Deflect By Alex Picard.
18:07 of 2nd period - Stopped by Jonathan Bernier without a rebound.
18:08 of 2nd period - Tyler Johnson wins face-off versus Ryan Johansen in Jets zone.
18:21 of 2nd period - Slapshot by Tyler Johnson.
18:21 of 2nd period - Stopped by Josh Harding with a rebound.
18:26 of 2nd period - Off-side.
18:27 of 2nd period - Nick Bjugstad wins face-off versus Derek Stepan in neutral zone.
18:39 of 2nd period - Sean Bergenheim is hit by Tyler Myers and loses puck.
18:50 of 2nd period - Tyler Johnson is hit by Ryan Johansen.
19:49 of 2nd period - Slapshot by Tyler Myers.
19:49 of 2nd period - Stopped by Josh Harding with a rebound.
Goals for this period are 1 for Red Wings vs 2 for Jets.
Shots for this period are 8 for Red Wings vs 15 for Jets.
3rd period
0:01 of 3rd period - Ryan Johansen wins face-off versus Tyler Johnson in neutral zone.
0:32 of 3rd period - Slapshot by Reilly Smith.
0:32 of 3rd period - Stopped by Jonathan Bernier with a rebound.
0:34 of 3rd period - Snap shot by Sean Bergenheim.
0:34 of 3rd period - Deflect By Nick Bjugstad.
0:34 of 3rd period - Shot Misses the Net.
0:34 of 3rd period - Puck is out of play.
0:35 of 3rd period - Tyler Johnson wins face-off versus Nick Bjugstad in Jets zone.
0:35 of 3rd period - Tyler Johnson is hit by Sean Bergenheim.
0:49 of 3rd period - Snap shot by Evgeny Dadonov.
0:49 of 3rd period - Stopped by Josh Harding without a rebound.
0:50 of 3rd period - Derek Roy wins face-off versus Ryan Johansen in Red Wings zone.
1:30 of 3rd period - Wrist shot by Reilly Smith.
1:30 of 3rd period - Stopped by Jonathan Bernier without a rebound.
1:31 of 3rd period - Derek Stepan wins face-off versus Maxim Lapierre in Jets zone.
1:44 of 3rd period - Slapshot by Derek Stepan.
1:44 of 3rd period - Stopped by Josh Harding with a rebound.
1:46 of 3rd period - Snap shot by Eric Gelinas.
1:46 of 3rd period - Stopped by Josh Harding with a rebound.
1:48 of 3rd period - Wrist shot by Erik Haula.
1:48 of 3rd period - Shot Blocked by Jiri Fischer.
2:20 of 3rd period - Wrist shot by Boone Jenner.
2:20 of 3rd period - Shot Blocked by Sean Bergenheim.
2:22 of 3rd period - Wrist shot by Pavel Buchnevich.
2:22 of 3rd period - Stopped by Josh Harding without a rebound.
2:23 of 3rd period - Nick Bjugstad wins face-off versus Boone Jenner in Red Wings zone.
2:47 of 3rd period - Reilly Smith is hit by Ronalds Kenins and loses puck.
3:17 of 3rd period - Icing by Nick Bjugstad.
3:18 of 3rd period - Tyler Johnson wins face-off versus Nick Bjugstad in Red Wings zone.
3:21 of 3rd period - Snap shot by Evgeny Dadonov.
3:21 of 3rd period - Shot Misses the Net.
4:11 of 3rd period - Wrist shot by Maxim Lapierre.
4:11 of 3rd period - Deflect By Michael Haley.
4:11 of 3rd period - Shot Misses the Net.
4:11 of 3rd period - Puck is out of play.
4:12 of 3rd period - Tyler Johnson wins face-off versus Maxim Lapierre in Jets zone.
4:17 of 3rd period - Wrist shot by Carson Mcmillan.
4:17 of 3rd period - Shot Misses the Net.
5:08 of 3rd period - Minor Penalty to Alex Picard for Hooking.
5:09 of 3rd period - Derek Stepan wins face-off versus Sean Bergenheim in Red Wings zone.
5:11 of 3rd period - Snap shot by Tyler Johnson.
5:11 of 3rd period - Shot Misses the Net.
5:13 of 3rd period - Snap shot by Nino Niederreiter.
5:13 of 3rd period - Shot Misses the Net.
5:15 of 3rd period - Wrist shot by Eric Gelinas.
5:15 of 3rd period - Shot Misses the Net.
5:40 of 3rd period - Backhand shot by Marcus Johansson.
5:40 of 3rd period - Stopped by Josh Harding with a rebound.
6:45 of 3rd period - Ole-Kristian Tollefsen is hit by Marco Scandella and loses puck.
7:08 of 3rd period - Penalty to Alex Picard is over, Alex Picard is back on ice.
7:26 of 3rd period - Snap shot by Ronalds Kenins.
7:26 of 3rd period - Shot Blocked by Anton Volchenkov.
8:44 of 3rd period - Wrist shot by Reilly Smith.
8:44 of 3rd period - Stopped by Jonathan Bernier with a rebound.
9:42 of 3rd period - Karl Alzner is hit by Ronalds Kenins and loses puck.
9:47 of 3rd period - Slapshot by Pavel Buchnevich.
9:47 of 3rd period - Stopped by Josh Harding without a rebound.
9:48 of 3rd period - Derek Roy wins face-off versus Ryan Johansen in Red Wings zone.
10:31 of 3rd period - Oscar Klefbom is hit by Maxim Lapierre and loses puck.
10:48 of 3rd period - Minor Penalty to Alex Picard for Elbowing.
10:49 of 3rd period - Michael Haley wins face-off versus Derek Stepan in Red Wings zone.
11:52 of 3rd period - Off-side.
11:53 of 3rd period - Derek Roy wins face-off versus Sean Bergenheim in neutral zone.
11:56 of 3rd period - Slapshot by Tyler Myers.
11:56 of 3rd period - Stopped by Josh Harding without a rebound.
11:57 of 3rd period - Derek Roy wins face-off versus Sean Bergenheim in Red Wings zone.
11:58 of 3rd period - Snap shot by Marcus Johansson.
11:58 of 3rd period - Shot Misses the Net.
12:22 of 3rd period - Evgeny Dadonov is hit by Ryan O'Byrne and loses puck.
12:26 of 3rd period - Icing by Evgeny Dadonov.
12:27 of 3rd period - Derek Roy wins face-off versus Michael Haley in Jets zone.
12:48 of 3rd period - Penalty to Alex Picard is over, Alex Picard is back on ice.
13:03 of 3rd period - Wrist shot by Evgeny Dadonov.
13:03 of 3rd period - Shot Misses the Net.
13:13 of 3rd period - Slapshot by Marcus Johansson.
13:13 of 3rd period - Shot Blocked by Maxim Lapierre.
13:15 of 3rd period - Slapshot by Jacob Trouba.
13:15 of 3rd period - Deflect By Evgeny Dadonov.
13:15 of 3rd period - Stopped by Josh Harding without a rebound.
13:16 of 3rd period - Ryan Johansen wins face-off versus Derek Stepan in Red Wings zone.
13:22 of 3rd period - Off-side.
13:23 of 3rd period - Derek Stepan wins face-off versus Ryan Johansen in neutral zone.
13:58 of 3rd period - Slapshot by Erik Haula.
13:58 of 3rd period - Shot Misses the Net.
14:00 of 3rd period - Wrist shot by Erik Haula.
14:00 of 3rd period - Goal by Erik Haula - Red Wings : 2 - Jets : 3.
14:01 of 3rd period - Nick Bjugstad wins face-off versus Evgeny Dadonov in neutral zone.
14:11 of 3rd period - Minor Penalty to Marcus Johansson for Holding Stick.
14:12 of 3rd period - Ryan Johansen wins face-off versus Derek Stepan in Jets zone.
16:11 of 3rd period - Penalty to Marcus Johansson is over, Marcus Johansson is back on ice.
17:01 of 3rd period - Icing by Jeremy Morin.
17:02 of 3rd period - Nick Bjugstad wins face-off versus Marcus Johansson in Jets zone.
17:15 of 3rd period - Wrist shot by Jonathan Huberdeau.
17:15 of 3rd period - Shot Misses the Net.
17:34 of 3rd period - Off-side.
17:35 of 3rd period - Evgeny Dadonov wins face-off versus Ryan Johansen in neutral zone.
17:42 of 3rd period - Wrist shot by Tyler Johnson.
17:42 of 3rd period - Shot Misses the Net.
17:48 of 3rd period - Snap shot by Ryan Johansen.
17:48 of 3rd period - Goal by Ryan Johansen - Red Wings : 3 - Jets : 3.
17:49 of 3rd period - Derek Roy wins face-off versus Ryan Johansen in neutral zone.
18:35 of 3rd period - Nick Bjugstad is hit by Jeremy Morin and loses puck.
19:57 of 3rd period - Snap shot by Derek Roy.
19:57 of 3rd period - Shot Misses the Net.
19:59 of 3rd period - Slapshot by Eric Gelinas.
19:59 of 3rd period - Stopped by Josh Harding with a rebound.
Goals for this period are 1 for Red Wings vs 1 for Jets.
Shots for this period are 4 for Red Wings vs 10 for Jets.
Overtime #1
0:01 of 1st overtime period - Derek Stepan wins face-off versus Ryan Johansen in neutral zone.
0:56 of 1st overtime period - Jacob Trouba is hit by Ole-Kristian Tollefsen and loses puck.
1:03 of 1st overtime period - Snap shot by Reilly Smith.
1:03 of 1st overtime period - Shot Misses the Net.
1:05 of 1st overtime period - Snap shot by Nick Bjugstad.
1:05 of 1st overtime period - Stopped by Jonathan Bernier without a rebound.
1:06 of 1st overtime period - Derek Stepan wins face-off versus Ryan Johansen in Jets zone.
2:16 of 1st overtime period - Tyler Myers is hit by Nick Bjugstad and loses puck.
2:45 of 1st overtime period - Derek Stepan is hit by Ryan Johansen and loses puck.
3:19 of 1st overtime period - Snap shot by Karl Alzner.
3:19 of 1st overtime period - Shot Blocked by Jacob Trouba.
Goals for this period are 0 for Red Wings vs 0 for Jets.
Shots for this period are 1 for Red Wings vs 0 for Jets.
ShootOut
5:00 of 1st overtime period - Round #1.
5:00 of 1st overtime period - Red Wings, Ryan Johansen.
5:00 of 1st overtime period - Wrist shot by Ryan Johansen.
5:00 of 1st overtime period - Shot Misses the Net.
5:00 of 1st overtime period - Jets, Boone Jenner.
5:00 of 1st overtime period - Wrist shot by Boone Jenner.
5:00 of 1st overtime period - Goal by Boone Jenner.
5:00 of 1st overtime period - Round #2.
5:00 of 1st overtime period - Red Wings, Carson Mcmillan.
5:00 of 1st overtime period - Deke by Carson Mcmillan.
5:00 of 1st overtime period - Stopped by Jonathan Bernier.
5:00 of 1st overtime period - Jets, Tyler Johnson.
5:00 of 1st overtime period - Deke by Tyler Johnson.
5:00 of 1st overtime period - Stopped by Josh Harding.
5:00 of 1st overtime period - Round #3.
5:00 of 1st overtime period - Red Wings, Maxim Lapierre.
5:00 of 1st overtime period - Wrist shot by Maxim Lapierre.
5:00 of 1st overtime period - Shot Hit the Post.
Back to the Top